 Dungeon Crawl Stone Soup version 0.29-a0-802-g34511f41fd (webtiles) character file.

Game seed: 12611751760639589323

286104 Pooter the Warrior (level 19, -4/185 HPs)
             Began as a Minotaur Berserker on July 2, 2022.
             Was a High Priest of Trog.
             Killed from afar by a starcursed mass (6 damage)
             ... with an accursed screaming
             ... on level 2 of the Abyss on July 4, 2022.
             The game lasted 04:10:00 (48792 turns).

Pooter the Warrior (Minotaur Berserker)            Turns: 48792, Time: 04:10:01

Health: -4/185     AC: 20    Str: 33    XL:     19   Next: 82%
Magic:  0/14       EV: 11    Int:  6    God:    Trog [*****.]
Gold:   897        SH:  5    Dex: 11    Spells: 18/18 levels left

rFire   + . .      SeeInvis +   a - +6 broad axe (drain)
rCold   + . .      Faith    .   (no shield)
rNeg    . . .      Spirit   .   h - +0 plate armour {rPois}
rPois   +          Reflect  +   M - +0 hat {Will+}
rElec   .          Harm     .   R - scarf {rC+ rF+}
rCorr   .          Rampage  .   W - +2 pair of gloves {infuse}
Will    ++++.                   o - +2 pair of boots {Stlth+}
Stlth   ..........              P - amulet of reflection
HPRegen 1.40/turn               q - +6 ring of strength
MPRegen 0.14/turn               S - ring of see invisible

@: mighty, strong-willed, regenerating
A: horns 2, retaliatory headbutt, fangs 1, hooves 1, [low MP 2], [subdued magic
1]
}: 2/15 runes: decaying, serpentine
a: Renounce Religion, Berserk, Trog's Hand, Brothers in Arms


You were on level 2 of the Abyss.
You worshipped Trog.
Trog was extremely pleased with you.
You visited 6 branches of the dungeon, and saw 33 of its levels.
You visited the Abyss 1 time.
You also visited: Ossuary, Ice Cave and Volcano.

You collected 3503 gold pieces.
You spent 2606 gold pieces at shops.

Inventory:

Hand Weapons
 a - a +6 broad axe of draining (weapon)
   (You took it off Maggie on level 8 of the Dungeon)
 b - the +8 arbalest "Jetexex" {venom, Str+4 Int+2}
   (You found it on level 1 of the Elven Halls)

   Any ammunition fired from it poisons the flesh of those it strikes.
   Str:       It affects your strength (+4).
   Int:       It affects your intelligence (+2).
 p - a +2 eveningstar of draining
   (You took it off Louise on level 3 of the Swamp)
 T - the +7 morningstar "Ommuic" {drain, rF+ Will+ Str+4}
   (You took it off a kobold on level 10 of the Dungeon)

   A truly terrible weapon, it drains the life of any living foe it strikes.
   Str:       It affects your strength (+4).
   rF:        It protects you from fire.
   Will:      It increases your willpower.
Missiles
 m - 8 silver javelins
 n - 34 poisoned darts
 w - 7 boomerangs (quivered)
 O - 3 silver boomerangs
 U - 4 curare-tipped darts
Armour
 h - a +0 plate armour of poison resistance (worn)
   (You took it off an orc warrior on level 2 of the Orcish Mines)
 o - a +2 pair of boots of stealth (worn)
   (You bought it in a shop on level 11 of the Dungeon)
 H - a +2 tower shield
   (You took it off a naga warrior on level 3 of the Snake Pit)
 M - a +0 hat of willpower (worn)
   (You acquired it on level 11 of the Dungeon)
 R - a scarf of resistance (worn)
   (You found it on level 9 of the Dungeon)
 W - a +2 pair of gloves of infusion (worn)
   (You found it on level 10 of the Dungeon)
Jewellery
 l - a ring of flight
   (You bought it in a shop on level 4 of the Snake Pit)
 q - a +6 ring of strength (left hand)
   (You found it on level 2 of the Dungeon)
 C - a ring of resist corrosion
   (You found it on level 12 of the Dungeon)
 F - a ring of protection from fire
   (You bought it in a shop on level 4 of the Snake Pit)
 I - a ring of protection from cold
   (You took it off a kobold on level 10 of the Dungeon)
 N - a ring of willpower
   (You found it on level 6 of the Dungeon)
 P - an amulet of reflection (around neck)
   (You found it on level 7 of the Dungeon)
 S - a ring of see invisible (right hand)
   (You bought it in a shop on level 4 of the Snake Pit)
Wands
 f - a wand of flame (27)
   (You bought it in a shop on level 8 of the Dungeon)
 i - a wand of polymorph (11)
   (You found it on level 5 of the Lair of Beasts)
 u - a wand of paralysis (7)
   (You found it on level 2 of the Snake Pit)
 x - a wand of acid (7)
   (You took it off Maurice on level 12 of the Dungeon)
 D - a wand of digging (12)
   (You found it on level 4 of the Lair of Beasts)
 X - a wand of roots (11)
   (You found it on level 1 of the Lair of Beasts)
 Z - a wand of mindburst (21)
   (You found it on level 6 of the Lair of Beasts)
Scrolls
 e - 5 scrolls of fog
 k - 6 scrolls of silence
 t - 17 scrolls of teleportation {@r4}
 y - 7 scrolls of immolation {!r}
 A - 2 scrolls of blinking
 B - 2 scrolls of magic mapping
 G - 6 scrolls of summoning
 L - 6 scrolls of fear
 Y - 5 scrolls of poison {!r}
Potions
 c - 2 potions of mutation {!q}
 d - 4 potions of haste {@q3}
 g - 9 potions of flight
 r - 5 potions of heal wounds {@q2}
 s - 5 potions of might
 z - a potion of invisibility
 E - 7 potions of curing {@q1}
 J - a potion of magic
 K - 3 potions of cancellation
 Q - 6 potions of attraction {!q}
Miscellaneous
 j - a lightning rod (4/4) {!a}
   (You found it on level 9 of the Dungeon)
 v - a tin of tremorstones (1/2)
   (You found it on level 3 of the Lair of Beasts)
 V - a condenser vane
   (You found it on level 10 of the Dungeon)


   Skills:
 + Level 20.2 Fighting
 - Level 16.9(18.2) Axes
 - Level 11.6(16.0) Maces & Flails
 - Level 5.0(9.0) Staves
 * Level 14.2 Ranged Weapons
 - Level 9.5 Throwing
 - Level 8.9 Armour
 + Level 10.3 Dodging
 - Level 5.0 Stealth
 - Level 17.6 Shields
 - Level 10.4 Evocations


You had 18 spell levels left.
You didn't know any spells.
Your spell library was empty.

Dungeon Overview and Level Annotations

Branches:
Dungeon (15/15)            Temple (0/1) D:7            Lair (6/6) D:8
  Swamp (4/4) Lair:3        Snake (4/4) Lair:2        Slime (0/5) Lair:6
    Orc (2/2) D:12            Elf (2/3) Orc:2        Vaults (0/5) D:13
 Depths (0/4) D:15        Ossuary (visited)           IceCv (visited)
Volcano (visited)

Altars:
Ashenzari
Cheibriados
Elyvilon
Gozag
Makhleb
Qazlal
Sif Muna
Vehumet
Jiyva

Shops:
D:8 (*   D:11 [   D:15 *   Orc:2 **:?   Elf:1 ?   Snake:2 =   Snake:4 =:=


Innate Abilities, Weirdness & Mutations

You have a pair of horns on your head.
You reflexively headbutt those who attack you in melee.
You have very sharp teeth.
You have large cloven feet.
[Your magical capacity is very low. (-20% MP)]
[Your spells are a little easier to cast, but a little less powerful.]


Message History

You hit the bone dragon but do no damage.
You headbutt the bone dragon.
The bone dragon bites you but does no damage.
The bone dragon claws you but does no damage.
The bone dragon tramples you but does no damage.
A starcursed mass splits.
You hit the bone dragon but do no damage.
You headbutt the bone dragon! The bone dragon bites you!
The bone dragon claws you. The bone dragon tramples you.
You hold your ground!
You slash the bone dragon!
* * * LOW MAGIC WARNING * * *
You headbutt the bone dragon, but do no damage.
You closely miss the large abomination.
A starcursed mass splits.
You feel very mighty all of a sudden. The bone dragon bites you!
* * * LOW HITPOINT WARNING * * *
The bone dragon claws you!
* * * LOW HITPOINT WARNING * * *
The bone dragon closely misses you. The large abomination hits you!!
* * * LOW HITPOINT WARNING * * *
Unknown command.
You hit the bone dragon. You headbutt the bone dragon!
You bite the bone dragon, but do no damage.
You slash the large abomination!
You block the large abomination's attack.
The bone dragon bites you.
* * * LOW HITPOINT WARNING * * *
The bone dragon claws you but does no damage.
The bone dragon tramples you but does no damage.
You slash the bone dragon! You hit the large abomination.
The large abomination hits you.
* * * LOW HITPOINT WARNING * * *
You block the bone dragon's attack. The bone dragon claws you!
* * * LOW HITPOINT WARNING * * *
The bone dragon tramples you!
* * * LOW HITPOINT WARNING * * *
You hold your ground!
Unknown command.
You slash the bone dragon! You bite the bone dragon.
You slice the large abomination!!
A starcursed mass splits.
Unknown command.
Unknown command.
You slice the bone dragon!! You hit the large abomination.
The bone dragon bites you!
* * * LOW HITPOINT WARNING * * *
The bone dragon closely misses you. The bone dragon tramples you.
* * * LOW HITPOINT WARNING * * *
You hold your ground!
A deafening chorus of shrieks assaults your mind!
You die...

# ## # . #.##
. #..#...####
.. #
...##.... ..
. #.#.X#. . #
##.D@ยง# ..#
. .
#...#...X##
###..#......#
..........X..
. #.#...#
...XX..# . .
####...#X###.
.... ####.#.
# # # ## .


You could see a bone dragon, 5 starcursed masses and a large abomination.

Vanquished Creatures
  Vashnia (Snake:4)
  Nikola (Swamp:2)
  Frances (Elf:1)
  2 thorn hunters
  Kirke (Snake:2)
  A fenstrider witch (Swamp:1)
  3 nagarajas (Snake:4)
  An azure jelly (Swamp:4)
  A frost giant (IceCv)
  A deep elf sorcerer (Elf:2)
  Louise (Swamp:3)
  A very ugly thing (D:15)
  2 eleionomae
  Azrael (Elf:1)
  2 deep elf annihilators
  A dire elephant (Lair:4)
  5 bunyips
  3 entropy weavers (Lair:3)
  The ghost of purpskrrrp the Unseen, a journeyman NaBr of Fedhas (D:12)
  An ettin (D:12)
  Josephine (D:15)
  A rakshasa (D:15)
  3 ice dragons (Swamp:4)
  3 salamander tyrants (Snake:4)
  2 catoblepae (Lair:3)
  15 hydras
  6 boulder beetles
  7 centaur warriors
  The ghost of purpskrrrp the Unseen, a journeyman VSBr of Gozag (D:12)
  5 ghost crabs
  12 anacondas
  15 dancing weapons
  10 naga warriors
  6 two-headed ogres
  A tengu warrior (D:9)
  12 alligators
  7 death yaks
  A hell knight (Volcano)
  6 shock serpents
  2 thrashing horrors (Abyss:2)
  5 orc high priests
  17 naga sharpshooters
  Urug (Orc:1)
  15 deep elf knights
  A wretched star (Abyss:2)
  A sixfirhy (Abyss:2)
  6 fire crabs (Lair:3)
  3 salamander mystics
  A spriggan druid (Swamp:3)
  A glowing orange brain (D:15)
  A shadow wraith (D:13)
  6 goliath frogs
  6 naga ritualists
  12 deep elf archers
  4 swamp dragons
  A necromancer (D:13)
  26 deep elf zephyrmancers
  4 lindwurms
  A wizard (D:14)
  3 manticores
  An orc knight (Orc:1)
  3 will-o-the-wisps
  3 orc sorcerers
  36 deep elf pyromancers
  12 mana vipers
  12 salamanders
  2 cyclopes
  13 ugly things
  A large abomination (Abyss:2)
  36 elephants
  Maurice (D:12)
  An apocalypse crab (Lair:3)
  An ice statue (IceCv)
  36 black mambas
  A guardian serpent (shapeshifter) (D:14)
  10 naga magi
  8 guardian serpents
  18 cane toads
  A smoke demon (Volcano)
  2 gargoyles
  Maggie (D:8)
  3 kobold demonologists
  4 komodo dragons
  2 unseen horrors (D:13)
  An efreet (D:14)
  4 freezing wraiths (Swamp:4)
  A red devil (Volcano)
  9 rime drakes
  A tengu conjurer (D:9)
  8 polar bears
  10 tyrant leeches
  A queen bee (shapeshifter) (D:15)
  A bloated husk (Swamp:1)
  9 trolls
  6 hornets
  15 slime creatures
  Grinder (D:5)
  18 blink frogs
  Sigmund (D:4)
  2 water elementals (Elf:1)
  A spriggan (shapeshifter) (D:15)
  9 wraiths
  An air elemental (Elf:1)
  5 shadows
  6 wyverns
  6 spriggans
  2 vampires
  A human (shapeshifter) (D:13)
  Eustachio (D:6)
  A steam dragon (D:9)
  71 yaks
  A fire elemental (Elf:2)
  3 swamp worm simulacra (Swamp:4)
  2 basilisks
  23 vampire mosquitoes
  2 wargs
  Menkaure (D:4)
  2 acid dragons
  40 nagas
  14 swamp worms
  15 hydra simulacra (Swamp:4)
  7 hell hounds
  11 water moccasins
  25 orc warriors
  4 ice beasts
  2 floating eyes (D:14)
  5 swamp drakes
  Duvessa (D:6)
  A sky beast (D:7)
  A black bear (D:5)
  40 wolves
  A boggart (D:14)
  4 centaurs
  7 ogres
  5 kobold brigands
  A phantom (D:6)
  17 bullfrogs
  A gnoll sergeant (D:9)
  3 scorpions
  A necrophage (D:7)
  3 earth elementals (Elf:1)
  7 wights
  Dowan (D:6)
  10 killer bees
  3 howler monkeys
  3 electric eels
  2 centaur zombies (Ossuary)
  5 jellies
  30 orc priests
  3 hounds
  A small abomination (Abyss:2)
  A human zombie (Ossuary)
  An iron imp (D:7)
  Jessica (D:2)
  2 hell rats (Lair:5)
  3 iguanas
  Natasha (thrice) (D:2)
  40 orc wizards
  6 mummies (Ossuary)
  Robin (D:2)
  9 adders
  4 gnolls
  5 river rats (Lair:5)
  3 shadow imps
  2 white imps (D:6)
  2 ufetubi
  5 swamp drake simulacra (Swamp:4)
  2 worms
  3 dart slugs
  76 orcs
  9 bats
  17 endoplasms
  3 giant cockroaches
  A gnoll zombie (Ossuary)
  9 goblins
  10 hobgoblins
  6 jackals
  23 kobolds
  4 quokkas
  7 ball pythons
  5 frilled lizards
  A hobgoblin zombie (Ossuary)
  2 kobold zombies (Ossuary)
  An orc zombie (Ossuary)
  8 rats
  14 briar patches
1259 creatures vanquished.

Vanquished Creatures (collateral kills)
  A deep elf archer (Elf:1)
  4 deep elf zephyrmancers (Elf:1)
  An orc priest (Orc:2)
  An orc (Orc:2)
7 creatures vanquished.

Vanquished Creatures (others)
  2 goliath frogs (Swamp:2)
  A swamp dragon (Swamp:1)
  3 bloated husks
  7 humans (Snake:2)
  3 swamp worms
  4 briar patches (Swamp:2)
  12 foxfires
  98 fungi
  130 plants
260 creatures vanquished.

Grand Total: 1526 creatures vanquished

Notes
Turn   | Place    | Note
-------+----------+-------------------------------------------
     0 | D:1      | Pooter the Minotaur Berserker began the quest for the Orb.
     0 | D:1      | Reached XP level 1. HP: 19/19 MP: 0/0
    99 | D:1      | Reached skill level 1 in Maces & Flails
   482 | D:1      | Reached XP level 2. HP: 25/27 MP: 1/1
   878 | D:1      | Reached skill level 4 in Fighting
  1183 | D:1      | Reached XP level 3. HP: 26/33 MP: 2/2
  1665 | D:2      | Reached ** piety under Trog
  1694 | D:2      | Reached skill level 1 in Staves
  1858 | D:2      | Noticed Jessica
  1875 | D:2      | Killed Jessica
  1876 | D:2      | Reached XP level 4. HP: 41/41 MP: 3/3
  1912 | D:2      | Noticed Robin
  1922 | D:2      | Killed Robin
  2151 | D:2      | Noticed Natasha
  2175 | D:2      | Reached XP level 5. HP: 45/47 MP: 4/4
  2176 | D:2      | Killed Natasha
  2177 | D:2      | Reached skill level 5 in Fighting
  2180 | D:2      | Reached skill level 5 in Axes
  2195 | D:2      | Noticed Natasha
  2200 | D:2      | Killed Natasha
  2294 | D:2      | Noticed Natasha
  2302 | D:2      | Killed Natasha
  2729 | D:3      | Found a shimmering blue altar of Sif Muna.
  2785 | D:3      | Found a faded altar of an unknown god.
  2813 | D:3      | Reached XP level 6. HP: 54/56 MP: 5/5
  3316 | D:3      | Found a burning altar of Makhleb.
  3701 | D:4      | Noticed Menkaure
  3711 | D:4      | Killed Menkaure
  3712 | D:4      | Reached skill level 6 in Fighting
  3992 | D:4      | Noticed Sigmund
  4003 | D:4      | Killed Sigmund
  4004 | D:4      | Reached XP level 7. HP: 64/64 MP: 6/6
  4073 | D:4      | Reached skill level 5 in Staves
  4161 | D:4      | Found a stormy altar of Qazlal.
  4362 | D:4      | Reached *** piety under Trog
  4464 | D:5      | Entered Level 5 of the Dungeon
  4480 | D:5      | Reached skill level 7 in Fighting
  4801 | D:5      | Noticed Grinder
  4814 | D:5      | Killed Grinder
  4815 | D:5      | Reached skill level 8 in Fighting
  4815 | D:5      | Reached XP level 8. HP: 42/74 MP: 7/7
  4815 | D:5      | Found a sand-covered staircase.
  4822 | Ossuary  | Entered an ossuary
  6203 | D:6      | Noticed Eustachio
  6210 | D:6      | Killed Eustachio
  6211 | D:6      | Reached skill level 1 in Shields
  6225 | D:6      | Reached skill level 9 in Fighting
  6306 | D:6      | Identified the amulet of Bad Anid {Faith Dex+4}
  6433 | D:6      | Noticed Duvessa
  6446 | D:6      | Killed Duvessa
  6452 | D:6      | Noticed Dowan
  6462 | D:6      | Killed Dowan
  6526 | D:6      | Reached XP level 9. HP: 84/84 MP: 8/8
  6609 | D:6      | Found a broken altar of Ashenzari.
  7325 | D:7      | Reached skill level 10 in Fighting
  7325 | D:7      | Reached skill level 10 in Axes
  7364 | D:7      | Reached skill level 5 in Shields
  7524 | D:7      | Found a staircase to the Ecumenical Temple.
  7613 | D:7      | Found a snail-covered altar of Cheibriados.
  7871 | D:8      | Upgraded the game from 0.29-a0-789-g7a8fcbc185 to
                  | 0.29-a0-802-g34511f41fd
  7880 | D:8      | Found Ifiomo Muita's Weapon Shop.
  7890 | D:8      | Bought a +6 hand axe of flaming for 411 gold pieces
  7915 | D:8      | Noticed Maggie
  7922 | D:8      | Killed Maggie
  7984 | D:8      | Noticed a two-headed ogre
  8001 | D:8      | Killed a two-headed ogre
  8002 | D:8      | Reached skill level 11 in Fighting
  8002 | D:8      | Reached XP level 10. HP: 95/95 MP: 9/9
  8271 | D:8      | Found a staircase to the Lair.
  8458 | D:8      | Found Vauseff's Elemental Accessories.
  8471 | D:8      | Bought a wand of flame (9) for 71 gold pieces
  8552 | D:8      | Reached **** piety under Trog
  8943 | D:9      | Reached skill level 12 in Fighting
  9009 | D:9      | Gained mutation: You have large cloven feet. [potion of
                  | mutation]
  9009 | D:9      | Gained mutation: You do not regenerate when monsters are
                  | visible. [potion of mutation]
  9009 | D:9      | Gained mutation: You are resistant to electric shocks.
                  | (rElec) [potion of mutation]
  9010 | D:9      | Lost mutation: You do not regenerate when monsters are
                  | visible. [potion of mutation]
  9010 | D:9      | Lost mutation: You are resistant to electric shocks.
                  | (rElec) [potion of mutation]
  9010 | D:9      | Lost mutation: You have large cloven feet. [potion of
                  | mutation]
  9010 | D:9      | Gained mutation: [Your spells are a little easier to cast,
                  | but a little less powerful.] [potion of mutation]
  9010 | D:9      | Gained mutation: You have hidden genetic defects. [potion
                  | of mutation]
  9011 | D:9      | Lost mutation: You have hidden genetic defects. [potion of
                  | mutation]
  9011 | D:9      | Lost mutation: [Your spells are a little easier to cast,
                  | but a little less powerful.] [potion of mutation]
  9011 | D:9      | Gained mutation: You have very sharp teeth. [potion of
                  | mutation]
  9011 | D:9      | Gained mutation: You have large cloven feet. [potion of
                  | mutation]
  9214 | D:9      | Reached skill level 1 in Evocations
  9463 | D:9      | Reached XP level 11. HP: 96/105 MP: 10/10
 10168 | D:9      | Noticed a tengu warrior
 10181 | D:9      | Killed a tengu warrior
 10182 | D:9      | Reached skill level 13 in Fighting
 10182 | D:9      | Reached skill level 10 in Shields
 10422 | D:10     | Entered Level 10 of the Dungeon
 10510 | D:10     | Found an opulent altar of Gozag.
 10746 | D:10     | Noticed a purple ugly thing
 10750 | D:10     | Killed a purple ugly thing
 10751 | D:10     | Noticed a centaur warrior
 10755 | D:10     | Killed a centaur warrior
 10755 | D:10     | Reached ***** piety under Trog
 10809 | D:10     | Noticed an eight-headed hydra
 10818 | D:10     | Killed a six-headed hydra
 10915 | D:10     | Identified the +7 morningstar "Ommuic" {drain, rF+ Will+
                  | Str+4}
 10917 | D:10     | Noticed a deep elf pyromancer
 10917 | D:10     | Noticed a four-headed hydra
 10926 | D:10     | Killed a two-headed hydra
 10927 | D:10     | Reached XP level 12. HP: 116/116 MP: 11/11
 10931 | D:10     | Reached skill level 5 in Evocations
 11105 | D:10     | Noticed a two-headed ogre
 11108 | D:10     | Killed a two-headed ogre
 11479 | D:10     | Identified the +6 dagger "Fobeag" {vorpal, Str+7}
 11598 | Lair:1   | Entered Level 1 of the Lair of Beasts
 11815 | Lair:1   | Reached skill level 14 in Fighting
 11822 | Lair:1   | Reached skill level 1 in Throwing
 12769 | Lair:2   | Noticed a seven-headed hydra
 12778 | Lair:2   | Killed a seven-headed hydra
 12902 | Lair:2   | Noticed a seven-headed hydra
 12913 | Lair:2   | Killed a seven-headed hydra
 13448 | Lair:2   | Found a staircase to the Snake Pit.
 13899 | Lair:3   | Noticed a catoblepas
 13905 | Lair:3   | Killed a catoblepas
 14081 | Lair:3   | Noticed a seven-headed hydra
 14088 | Lair:3   | Killed a seven-headed hydra
 14100 | Lair:3   | Noticed a catoblepas
 14129 | Lair:3   | Killed a catoblepas
 14237 | Lair:3   | Found a staircase to the Swamp.
 14246 | Lair:3   | Noticed a six-headed hydra
 14252 | Lair:3   | Killed a six-headed hydra
 14253 | Lair:3   | Reached skill level 5 in Maces & Flails
 14288 | Lair:3   | Noticed a six-headed hydra
 14293 | Lair:3   | Killed a six-headed hydra
 14294 | Lair:3   | Reached XP level 13. HP: 100/125 MP: 9/12
 14903 | Lair:3   | Found a runed translucent door.
 15012 | Lair:3   | Reached skill level 15 in Fighting
 15012 | Lair:3   | Reached skill level 15 in Axes
 15032 | Lair:3   | Noticed an entropy weaver
 15039 | Lair:3   | Killed an entropy weaver
 15154 | Lair:3   | Noticed an entropy weaver
 15164 | Lair:3   | Killed an entropy weaver
 15304 | Lair:3   | Noticed an entropy weaver
 15309 | Lair:3   | Killed an entropy weaver
 15310 | Lair:3   | Reached skill level 5 in Throwing
 15468 | Lair:3   | Identified the +10 great mace of Understanding {spect,
                  | *Rage rF++ rN+ Int+4}
 16301 | Lair:4   | Noticed a dire elephant
 16642 | Lair:4   | Reached XP level 14. HP: 135/135 MP: 10/13
 16796 | Lair:4   | Identified the +13 glaive of Conformity {vorpal, +Blink
                  | rN++ Str+4 Dex-2} (Trog gifted it to you on level 4 of the
                  | Lair of Beasts)
 16796 | Lair:4   | Received a gift from Trog
 18965 | Lair:6   | Entered Level 6 of the Lair of Beasts
 18972 | Lair:6   | Found a viscous altar of Jiyva.
 18973 | Lair:6   | Found a staircase to the Slime Pits.
 19142 | Lair:6   | Reached skill level 16 in Fighting
 19178 | Lair:6   | Found a dark tunnel.
 19211 | Volcano  | Entered a volcano
 20711 | D:11     | Identified a scroll of acquirement
 20716 | D:11     | Acquired a +0 hat of willpower
 20731 | D:11     | Found Biewn's Armour Boutique.
 20750 | D:11     | Bought a +2 pair of boots of stealth for 215 gold pieces
 20881 | D:11     | Reached XP level 15. HP: 144/145 MP: 10/14
 21454 | D:12     | Found a runed translucent gate.
 21454 | D:12     | Found a runed translucent gate.
 21457 | D:12     | Found a runed translucent gate.
 21459 | D:12     | Noticed purpskrrrp's ghost (journeyman NaBr)
 21459 | D:12     | Noticed purpskrrrp's ghost (journeyman VSBr)
 21469 | D:12     | Killed purpskrrrp's ghost
 21475 | D:12     | Killed purpskrrrp's ghost
 21564 | D:12     | Reached skill level 5 in Stealth
 21564 | D:12     | Reached XP level 16. HP: 152/152 MP: 15/15
 22251 | D:12     | Found a staircase to the Orcish Mines.
 22268 | Orc:1    | Entered Level 1 of the Orcish Mines
 22268 | Orc:1    | Noticed Maurice
 22373 | D:12     | Killed Maurice
 22605 | Orc:2    | Entered Level 2 of the Orcish Mines
 22989 | Orc:2    | Noticed Urug
 23184 | Orc:1    | Killed Urug
 23250 | Orc:2    | Reached skill level 10 in Maces & Flails
 23488 | Orc:2    | Found a staircase to the Elven Halls.
 23805 | Orc:2    | Received a gift from Trog
 23856 | Orc:2    | Found Compof's General Store.
 23856 | Orc:2    | Found Ihoq's Assorted Antiques.
 23859 | Orc:2    | Found Ukuwus's Book Shoppe.
 23861 | Orc:2    | Found Soakk's Magic Scroll Shoppe.
 23863 | Orc:2    | Bought a potion of might for 56 gold pieces
 23863 | Orc:2    | Bought a potion of mutation for 112 gold pieces
 23956 | Orc:2    | Bought a scroll of identify for 48 gold pieces
 23956 | Orc:2    | Bought a scroll of identify for 48 gold pieces
 23960 | Orc:2    | Bought a scroll of fog for 32 gold pieces
 23960 | Orc:2    | Bought a scroll of enchant armour for 120 gold pieces
 23960 | Orc:2    | Bought a scroll of immolation for 56 gold pieces
 23960 | Orc:2    | Bought a scroll of silence for 120 gold pieces
 23960 | Orc:2    | Bought a scroll of immolation for 56 gold pieces
 23960 | Orc:2    | Bought a scroll of identify for 32 gold pieces
 25217 | D:13     | Found a gate to the Vaults.
 25253 | D:13     | Found a frozen archway.
 25273 | IceCv    | Entered an ice cave
 25520 | IceCv    | Reached skill level 17 in Fighting
 25520 | IceCv    | Reached skill level 15 in Shields
 27124 | D:14     | Reached skill level 10 in Evocations
 27598 | D:14     | Paralysed by a floating eye for 2 turns
 28345 | D:15     | Entered Level 15 of the Dungeon
 28356 | D:15     | Reached XP level 17. HP: 162/162 MP: 11/16
 28702 | D:15     | Noticed Josephine
 28707 | D:15     | Killed Josephine
 28737 | D:15     | Found Oxis's General Store.
 28746 | D:15     | Bought a potion of mutation for 120 gold pieces
 29280 | D:15     | Found a staircase to the Depths.
 29502 | D:15     | Found a white marble altar of Elyvilon.
 29658 | D:15     | Found a burning altar of Makhleb.
 30047 | Snake:1  | Entered Level 1 of the Snake Pit
 30222 | Snake:1  | Reached skill level 1 in Ranged Weapons
 32349 | Snake:2  | Found Buakh's Jewellery Boutique.
 32480 | Snake:2  | Noticed Kirke
 32487 | Snake:2  | Killed Kirke
 32708 | Snake:2  | Identified the +6 dire flail of Zoeg {elec, rN+++ MP+9
                  | Str-4 Stlth+}
 34121 | Snake:3  | Reached skill level 5 in Ranged Weapons
 34182 | Snake:3  | Reached skill level 18 in Fighting
 34328 | Snake:3  | Reached skill level 5 in Armour
 34552 | Snake:3  | Received a gift from Trog
 35355 | Snake:4  | Entered Level 4 of the Snake Pit
 35358 | Snake:4  | Reached skill level 5 in Dodging
 35869 | Snake:4  | Found Quwaok's Jewellery Boutique.
 35869 | Snake:4  | Found Eriz's Book Emporium.
 36121 | Snake:4  | Found Hoplak's Jewellery Boutique.
 36127 | Snake:4  | Bought a ring of see invisible for 300 gold pieces
 37165 | Snake:4  | Noticed Vashnia
 37233 | Snake:4  | Bought a ring of protection from fire for 275 gold pieces
 37233 | Snake:4  | Bought a ring of flight for 192 gold pieces
 37361 | Snake:4  | Reached XP level 18. HP: 133/173 MP: 10/17
 37436 | Snake:4  | Killed Vashnia
 38554 | Snake:4  | Got a serpentine rune of Zot
 38830 | Swamp:1  | Entered Level 1 of the Swamp
 39016 | Swamp:1  | Identified the +4 leather armour "Kuri" {rElec rPois}
 39305 | Swamp:1  | Received a gift from Trog
 39772 | Swamp:2  | Noticed Nikola
 40128 | Swamp:2  | Paralysed by a fenstrider witch for 2 turns
 40976 | Swamp:2  | Killed Nikola
 40977 | Swamp:2  | Reached skill level 10 in Ranged Weapons
 41582 | Swamp:3  | Noticed Louise
 41691 | Swamp:2  | Reached skill level 19 in Fighting
 42159 | Swamp:3  | Killed Louise
 42640 | Swamp:4  | Entered Level 4 of the Swamp
 43989 | Swamp:4  | Got a decaying rune of Zot
 44543 | Elf:1    | Entered Level 1 of the Elven Halls
 44555 | Elf:1    | Reached XP level 19. HP: 183/183 MP: 13/18
 44590 | Elf:1    | Found a radiant altar of Vehumet.
 44669 | Elf:1    | Identified the +8 arbalest "Jetexex" {venom, Str+4 Int+2}
 44732 | Elf:1    | Found Ethraroh's Magic Scroll Shoppe.
 44738 | Elf:1    | Bought a scroll of summoning for 171 gold pieces
 44738 | Elf:1    | Bought a scroll of summoning for 171 gold pieces
 44775 | Elf:1    | Paralysed by an air elemental for 1 turns
 45147 | Elf:1    | Noticed Azrael
 45167 | Elf:1    | Killed Azrael
 45284 | Elf:1    | Received a gift from Trog
 46327 | Elf:1    | Identified the +2 sling of Causality {speed, Fragile rPois
                  | rC+ Int+5}
 46631 | Elf:1    | Received a gift from Trog
 46634 | Elf:1    | HP: 1/181 [deep elf zephyrmancer/bolt of lightning (29)]
 47057 | Elf:1    | Noticed Frances
 47081 | Elf:1    | Killed Frances
 48018 | Elf:2    | Reached skill level 20 in Fighting
 48074 | Elf:2    | Reached skill level 10 in Dodging
 48551 | Abyss:2  | Cast into level 2 of the Abyss (deep elf pyromancer)
 48775 | Abyss:2  | Noticed a bone dragon
 48792 | Abyss:2  | HP: 7/185 [bone dragon (8)]
 48792 | Abyss:2  | HP: 2/185 [bone dragon (5)]
 48792 | Abyss:2  | Killed from afar by a starcursed mass

Illustrated notes

Levels and vault maps discovered:
D:1:      wander_arrival_desolate, layout_loops_ring, amcnicky_mini_pool_small
D:2:      layout_loops_ring, minmay_nonomino_d4, uniq_natasha, uniq_jessica,
          uniq_robin
D:3:      layout_loops_cross, nicolae_overflow_crystal_walls,
          lemuel_crystal_altar, chequers_ecumenical_altar_simple_redux,
          chequers_decorated_corner, kennysheep_generic_room_14
D:4:      layout_basic, mainiacjoe_overflow_surrounded_room,
          minmay_fractal_squares_gapless_5, uniq_sigmund, uniq_menkaure
D:5:      layout_loops_ring, chequers_ossuary_entry_cave, uniq_grinder
D:6:      layout_loops_ring, mainiacjoe_overflow_tiny_flanked, serial_aquarium,
          aquarium_bridge_square [aquarium_subvault_balcony,
          aquarium_subvault_wall, aquarium_subvault_bridge,
          aquarium_subvault_bridge], aquarium_window_1, aquarium_window_fake,
          aquarium_view_2d, uniq_eustachio, uniq_duvessa
D:7:      layout_cave_pools, chei_slow_surprise, minmay_temple_entry_mist,
          st_stairs_12
D:8:      layout_basic, lair_entry_dummy, serial_shops, shop,
          grunt_decor_clamped, nicolae_elemental_shop, minmay_misc_feat_alley,
          minmay_splitting_lines, dreamdust_mushroom_princess, uniq_maggie
D:9:      minmay_chambers_of_sevens, layout_stronghold, chequers_jeans
D:10:     minmay_the_grid_octo_2x2 [minmay_the_grid_octo_concentric,
          minmay_the_grid_octo_checkered, minmay_the_grid_octo_empty,
          minmay_the_grid_octo_prize_ultimate_mussel_roller], layout_gridville,
          grunt_gozag_statues
D:11:     layout_rooms, serial_shops, shop_fountains
D:12:     layout_loops_ring, hiddenorc2_lemuel, gammafunk_ghost_cemetery
D:13:     layout_loops_ring, david_vaults_4, portal_ice_cave_entry_pillars_1,
          st_stairs_1
D:14:     layout_stronghold, roderic_roman_lattice,
          minmay_misc_feat_more_columns, onia_ninara_cookie
D:15:     gammafunk_enter_depths_forms, layout_layer_cave, elyvilon_altar_1,
          serial_shops, shop, makhleb_altar_promises_db, uniq_josephine
Lair:1:   layout_regular_city, chequers_serial_rivers_micro_a,
          grunt_megastairs_1, serial_bayou_shore_a, infiniplex_staircase_pool_2
Lair:2:   layout_hall_layers, guppyfry_snake_entry_island, minivault_11,
          lemuel_fruit_fields
Lair:3:   gammafunk_mikee_crab_dinner, layout_chaotic_city, swamp_mist,
          grunt_forest_large_clearings
Lair:4:   mu_elephants_graveyard, layout_regular_city
Lair:5:   layout_regular_city, kennysheep_abandoned_house
Lair:6:   minmay_lair_end_frog_pond, layout_gridlike,
          nicolae_slime_entry_slimehenge, nicolae_volcano_entry_vermiform
Swamp:1:  layout_falls_marsh, evilmike_swamp_ruin_house_3,
          nicolae_swamp_orc_logging_accident
Swamp:2:  layout_falls_marsh, nicolae_swamp_well_well_well, uniq_nikola
Swamp:3:  layout_falls_marsh, hangedman_swamp_ruin_wall, swamp_pool3,
          uniq_louise
Swamp:4:  swamp_icy, layout_basic_swamp, swamp_pool5,
          nicolae_swamp_alligator_family
Snake:1:  layout_chambers
Snake:2:  layout_cave_pods, serial_shops, shop, grunt_ministairs_3, uniq_kirke
Snake:3:  layout_concentric_octagons, drop_trap, serial_bayou_crossing
Snake:4:  snake_pit_salamanders_mu, layout_misc_corridors, minmay_shop_grove,
          lemuel_fruit_tree, uniq_vashnia
Orc:1:    layout_caves, uniq_maurice
Orc:2:    st_orc_mages, layout_diamond_mine, uniq_urug
Elf:1:    eino_elf_arrival_altar, layout_loops_corners, serial_shops, shop,
          hangedman_elven_crosses_minicolossus, grunt_ministairs_5,
          nrook_mini_backslash, evilmike_ambush [evilmike_ambush_outer_basic,
          evilmike_ambush_inner_basic], lemuel_upstairs_altar, uniq_frances,
          uniq_azrael
Elf:2:    nicolae_elf_blades_splatter_lattice [infiniplex_blade_entry_pillars],
          layout_loops_cross, nicolae_elf_blasts_and_bolts
Abyss:2:  base:
Elf:1

Skill      XL: |  1  2  3  4  5  6  7  8  9 10 11 12 13 14 15 16 17 18 19 |
---------------+----------------------------------------------------------+-----
Maces & Flails | 1 2 5 7 9 11 | 11.6
Fighting       | 4 5 6 8 9 11 12 13 14 15 16 17 18 19 20 | 20.2
Axes           | 4 5 6 8 9 11 12 13 14 15 16 | 16.9
Staves         | 1 2 3 4 5 |  5.0
Shields        | 3 7 9 10 12 13 14 15 16 17 | 17.6
Evocations     | 1 4 6 7 8 9 10 | 10.4
Throwing       | 3 5 7 9 |  9.5
Stealth        | 5 |  5.0
Ranged Weapons | 7 11 14 | 14.2
Armour         | 6 8 |  8.9
Dodging        | 5 8 10 | 10.3

Action                   |  1- 3 |  4- 6 |  7- 9 | 10-12 | 13-15 | 16-18 | 19-21 || total
-------------------------+-------+-------+-------+-------+-------+-------+-------++-------
Melee: Mace              |    17 |       |       |       |       |       |       ||    17
       Headbutt          |     6 |    18 |    44 |    63 |    99 |   250 |    57 ||   537
       Quarterstaff      |    58 |    93 |       |       |       |       |       ||   151
       Flail             |       |    44 |   222 |       |       |       |       ||   266
       Punch             |       |     1 |     2 |       |       |       |     2 ||     5
       Broad axe         |       |       |     6 |   245 |   338 |  1082 |   262 ||  1933
       Hand axe          |       |       |     2 |     5 |       |       |       ||     7
       Kick              |       |       |       |    75 |   152 |       |       ||   227
       Bite              |       |       |       |    19 |    66 |   137 |    25 ||   247
       Morningstar       |       |       |       |    64 |   101 |   115 |       ||   280
       Great mace        |       |       |       |       |    49 |       |       ||    49
 Fire: Sling             |       |       |    20 |    16 |     5 |    10 |       ||    51
       Arbalest          |       |       |       |       |       |       |   118 ||   118
Throw: Dart              |       |     4 |     2 |     5 |       |     2 |       ||    13
       Boomerang         |       |     2 |       |    15 |     3 |    52 |     3 ||    75
       Stone             |       |       |    12 |     4 |       |       |       ||    16
       Javelin           |       |       |       |       |       |     7 |       ||     7
Invok: Trog's Hand       |       |     5 |     9 |    13 |    15 |    55 |    12 ||   109
       Berserk           |       |     6 |     5 |     6 |     1 |    11 |     1 ||    30
       Brothers in Arms  |       |       |       |       |       |     1 |     3 ||     4
Evoke: Wand              |       |       |       |     3 |     2 |     7 |     3 ||    15
       Tin of tremorston |       |       |       |       |       |     1 |     3 ||     4
       Condenser vane    |       |       |       |       |       |       |     1 ||     1
  Use: Scroll            |       |     6 |     7 |     7 |    10 |    12 |     1 ||    43
       Potion            |       |       |     1 |     3 |     2 |    10 |    10 ||    26
 Stab: Distracted        |       |       |       |       |       |     1 |       ||     1
       Confused          |       |       |       |       |       |     1 |       ||     1
Armor: Animal skin       |    10 |       |       |       |       |       |       ||    10
       Ring mail         |     1 |    68 |    64 |       |       |       |       ||   133
       Plate armour      |       |       |    27 |    52 |       |   223 |    84 ||   386
       Chain mail        |       |       |       |    45 |   176 |   119 |       ||   340
Dodge: Dodged            |    46 |    93 |    82 |    47 |   101 |   214 |    66 ||   649
Block: Tower shield      |       |       |   107 |   307 |   447 |  1383 |     4 ||  2248
       Reflection        |       |       |     2 |    14 |     1 |   160 |    14 ||   191
       Other             |       |       |       |       |     9 |       |    52 ||    61

Table legend: (Time is in decaauts)
 A = Elapsed time spent in this place.
 B = Non-inter-level travel time spent in this place.
 C = Inter-level travel time spent in this place.
 D = Time resting spent in this place.
 E = Time spent auto-exploring this place.
 F = Levels seen in this place.
 G = Mean time per level.
                   A        B        C        D        E       F      G
               +--------+--------+--------+--------+--------+-----+--------+
         Total |  49217 |  47531 |   1686 |  12609 |  26397 |  37 | 1330.2 |
       Dungeon |  17650 |  16769 |    881 |   2127 |  11546 |  15 | 1176.7 |
          Lair |   8679 |   8363 |    316 |   1435 |   5376 |   6 | 1446.5 |
         Swamp |   5538 |   5407 |    131 |   2728 |   1904 |   4 | 1384.5 |
     Snake Pit |   8738 |   8463 |    275 |   3003 |   4312 |   4 | 2184.5 |
  Orcish Mines |   2349 |   2282 |     67 |    551 |   1119 |   2 | 1174.5 |
   Elven Halls |   3983 |   3969 |     14 |   1478 |   1787 |   2 | 1991.5 |
         Abyss |    230 |    230 |      0 |    179 |      0 |   1 |  230.0 |
       Ossuary |    655 |    655 |      0 |    456 |      0 |   1 |  655.0 |
      Ice Cave |   1018 |   1018 |      0 |    479 |    278 |   1 | 1018.0 |
       Volcano |    374 |    374 |      0 |    170 |     75 |   1 |  374.0 |
               +--------+--------+--------+--------+--------+-----+--------+

Top non-repeatable levels by time:
 Snake:4: 3354 daAuts
   Elf:1: 3178 daAuts
 Snake:1: 2327 daAuts
  Lair:3: 2317 daAuts
 Swamp:1: 2082 daAuts
 Swamp:4: 1673 daAuts
 Snake:2: 1660 daAuts
     D:1: 1653 daAuts
     D:9: 1634 daAuts
    D:12: 1545 daAuts
  Lair:5: 1543 daAuts
    D:15: 1538 daAuts
    D:14: 1454 daAuts
   Orc:2: 1412 daAuts
 Snake:3: 1396 daAuts
